Map: Rhoskallian LE

Players

qqq

  • Race: Zerg Zerg
  • League: Platinum
  • Spawn Location: 5:00

Massa

  • Race: Terran Terran
  • League: Gold
  • Spawn Location: 6:00

Jungla - Winner!

  • Race: Protoss Protoss
  • League: Diamond
  • Spawn Location: 12:00

alchmist - Winner!

  • Race: Terran Terran
  • League: Platinum
  • Spawn Location: 11:00

VOD

Have the link to the VOD?

Description

Time

  • Played on: May 20, 2020, 2:46 p.m.
  • Length: 17:54
Show
View Real Time Build Order
Export as new Build Order

qqq Zerg 

Build Orders: Hatch First 

Get SALT Encoding   

  12  0:02  Drone  
  13  0:08  Drone  
  14  0:37  Hatchery  
  13  0:52  Spawning Pool  
  12  1:00  Overlord  
  12  1:05  Drone  
  13  1:11  Drone  
  14  1:44  Zergling x6  
  17  1:53  Zergling x2  
  17  1:54  Queen  
  20  2:10  Spine Crawler  
  19  2:19  Spine Crawler  
  16  2:24  Zergling x2  
  16  2:32  Spine Crawler  
  15  2:41  Spine Crawler  
  15  2:46  Zergling x4  
  15  2:47  Drone  
  17  3:11  Zergling x6  
  17  3:12  Drone x2  
  21  3:34  Extractor, Overlord  
  19  3:49  Hatchery  
  19  3:55  Queen  
  19  4:03  Drone  
  19  4:05  Drone  
  21  4:22  Drone  
  21  4:23  Drone  
  23  4:47  Hatchery  
  22  4:57  Drone x3  
  25  5:01  Drone  
  25  5:05  Overlord  
  26  5:10  Zergling x2  
  27  5:15  Drone  
  28  5:25  Zergling x4  
  30  5:29  Drone  
  31  5:45  Drone x2  
  31  5:46  Zergling x6  
  31  5:47  Zergling x2  
  37  5:52  Metabolic Boost  
  37  5:59  Drone  
  39  6:11  Drone x3  
  39  6:12  Zergling x6  
  44  6:23  Queen  
  39  6:42  Roach Warren  
  39  6:43  Zergling x2  
  39  6:44  Zergling x2  
  39  6:45  Lair  
  39  6:47  Drone x3  
  42  6:49  Drone  
  45  7:01  Drone x4  
  45  7:05  Queen  
  50  7:14  Overlord x2  
  50  7:32  Overlord x3  
  50  7:35  Drone x3  
  53  7:43  Drone x6  
  59  8:07  Roach x3  
  59  8:08  Roach  
  64  8:26  Hydralisk Den  
  63  8:30  Drone x4, Overlord x2  
  67  8:35  Extractor x2  
  67  8:38  Extractor  
  64  8:43  Drone x2  
  64  8:45  Roach x3  
  72  8:52  Hatchery  
  72  8:54  Spore Crawler  
  70  8:55  Spore Crawler  
  70  8:56  Drone x3, Spore Crawler  
  70  8:57  Spore Crawler  
  70  9:00  Drone x3, Hatchery  
  70  9:01  Extractor  
  70  9:02  Hydralisk, Grooved Spines  
  73  9:20  Hydralisk  
  75  9:29  Evolution Chamber  
  75  9:30  Drone x2  
  77  9:31  Drone x4  
  77  9:32  Drone x2, Evolution Chamber  
  77  9:33  Drone x2  
  83  9:41  Hydralisk  
  83  9:42  Extractor  
  84  9:47  Hydralisk x2  
  88  9:54  Hydralisk  
  88  9:55  Hydralisk  
  92  10:05  Hydralisk x2  
  92  10:06  Hydralisk  
  98  10:21  Hydralisk x3  
  98  10:22  Hydralisk  
  106  10:29  Drone x2  
  106  10:32  Drone x2  
  110  10:45  Overlord x4  
  110  10:46  Overlord  
  110  10:47  Overlord x7  
  110  10:48  Overlord x3  
  110  10:59  Hatchery  
  109  11:07  Muscular Augments  
  109  11:09  Zerg Missile Weapons Level 1  
  109  11:10  Zerg Ground Armor Level 1  
  109  11:17  Hatchery  
  108  11:28  Infestation Pit  
  108  11:30  Hydralisk x3  
  108  11:31  Hydralisk  
  115  11:38  Spore Crawler  
  114  11:43  Drone  
  114  11:44  Drone x5  
  120  11:50  Spore Crawler  
  120  11:53  Spore Crawler  
  118  11:55  Hydralisk  
  118  11:56  Spore Crawler  
  118  11:57  Hydralisk, Spore Crawler  
  120  12:07  Hydralisk x2  
  124  12:10  Drone, Hydralisk x2  
  129  12:21  Drone, Spore Crawler  
  129  12:34  Hydralisk x2  
  129  12:35  Hydralisk x5  
  143  12:38  Drone x2  
  143  12:39  Drone  
  146  12:47  Infestor x3  
  152  12:52  Microbial Shroud  
  120  13:19  Hydralisk  
  98  13:20  Hydralisk x8  
  98  13:22  Hydralisk x2  
  120  13:37  Drone x2  
  120  13:38  Drone x4  
  126  13:46  Drone x2, Spore Crawler  
  126  13:47  Spore Crawler  
  126  13:49  Spore Crawler  
  126  13:50  Drone x2, Spore Crawler  
  126  13:56  Hydralisk  
  126  13:57  Hydralisk x2  
  126  14:01  Hydralisk x2  
  136  14:03  Drone x2  
  136  14:04  Drone x2  
  140  14:12  Hydralisk x3  
  144  14:42  Hydralisk  
  144  14:43  Hydralisk x8  
  144  14:44  Hydralisk x3  
  169  14:45  Drone x2  
  169  14:46  Drone x4  
  152  15:17  Hydralisk  
  152  15:18  Infestor x3  
  152  15:19  Zergling x8  
  152  15:20  Zergling x6  
  152  15:21  Zergling x8  
  121  15:34  Hive  
  97  15:37  Zerg Melee Weapons Level 1  
  97  15:41  Hatchery x2  
  97  15:42  Extractor, Drone x3  
  97  15:43  Drone, Extractor, Hydralisk x3  
  97  15:45  Hydralisk  
  99  16:07  Hydralisk x2  
  99  16:08  Hydralisk x4  
  99  16:10  Drone x4  
  107  16:23  Extractor, Drone x2  
  107  16:24  Extractor  
  107  16:30  Hydralisk x5  
  107  16:31  Hydralisk x2  
  121  16:42  Zergling x4  
  121  16:43  Drone x2  
  121  16:44  Drone x2  
  127  16:54  Hatchery  
  126  17:02  Hydralisk x4  
  126  17:03  Hydralisk x2  
  126  17:04  Hydralisk x2  
  126  17:05  Hydralisk x3  
  136  17:24  Hydralisk x3  
  136  17:25  Hydralisk  
  136  17:26  Zergling x4  
  136  17:27  Zergling x16  
  136  17:28  Drone x2  
  136  17:29  Drone x5  
Show
View Real Time Build Order
Export as new Build Order

Massa Terran 

Build Orders:  

Get SALT Encoding   

  13  0:07  SCV  
  13  0:19  SCV  
  14  0:21  Supply Depot  
  14  0:31  SCV  
  15  0:43  SCV  
  15  0:49  Barracks  
  16  0:55  SCV  
  17  1:07  SCV  
  18  1:24  SCV  
  19  1:36  SCV  
  19  1:51  Barracks  
  19  1:58  SCV  
  19  2:00  Marine  
  21  2:10  SCV  
  22  2:18  Marine  
  23  2:28  SCV  
  23  2:36  Marine  
  23  2:41  SCV  
  23  2:53  SCV  
  23  3:09  Refinery  
  23  3:11  Refinery, Supply Depot  
  23  3:32  Marine x2  
  23  3:33  SCV  
  26  3:45  SCV  
  27  3:50  Marine x2  
  29  3:56  Barracks  
  29  4:01  Factory  
  29  4:08  Marine x2  
  29  4:23  Orbital Command  
  29  4:26  Marine x2  
  29  4:28  Command Center  
  31  4:35  Factory  
  31  4:46  Barracks Tech Lab  
  31  5:01  Supply Depot  
  31  5:04  Supply Depot  
  31  5:06  Supply Depot  
  31  5:09  Engineering Bay  
  31  5:22  Marine x2  
  31  5:26  Marine  
  33  5:40  Marine x2  
  34  5:44  Marine  
  34  5:45  Factory Tech Lab x2  
  35  5:58  Marine x2  
  35  6:01  Marine  
  38  6:04  Siege Tank  
  38  6:05  Siege Tank  
  44  6:16  Marine x2  
  46  6:19  Marine  
  47  6:33  Marine x2  
  47  6:37  Marine  
  40  6:51  Marine x2  
  41  6:55  Marine  
  41  6:56  SCV  
  43  7:08  SCV  
  41  7:09  Marine x2  
  41  7:13  Marine, Siege Tank x2  
  47  7:20  SCV  
  45  7:27  Marine x2  
  46  7:30  SCV  
  46  7:31  Marauder  
  46  7:32  SCV  
  50  7:40  Missile Turret  
  50  7:42  SCV  
  51  7:44  SCV  
  51  7:45  Marine x2  
  51  7:49  Starport  
  54  7:52  Marauder  
  54  7:56  SCV  
  57  8:02  Marine, Missile Turret  
  57  8:04  Missile Turret  
  58  8:08  SCV  
  59  8:21  Marauder, Marine x2  
  59  8:24  Missile Turret  
  63  8:32  Medivac  
  65  8:36  Terran Infantry Weapons Level 1  
  65  8:43  Marauder  
  65  8:46  SCV  
  65  8:47  Missile Turret  
  69  8:50  Orbital Command  
  68  8:57  Combat Shield  
  68  8:58  SCV  
  68  9:02  Marine  
  70  9:08  Missile Turret  
  70  9:12  Supply Depot  
  70  9:23  Missile Turret  
  70  9:26  Missile Turret  
  70  9:30  Missile Turret  
  70  9:33  SCV, Marine x2, Medivac  
  70  9:34  Marauder  
  70  9:35  Supply Depot  
  74  9:45  SCV  
  75  9:57  Supply Depot  
  75  10:02  Command Center  
  75  10:04  Missile Turret  
  67  10:20  Supply Depot  
  67  10:24  Missile Turret  
  67  10:26  Viking  
  69  10:32  SCV  
  70  10:44  SCV  
  71  10:56  Viking  
  44  11:17  Marine x2  
  48  11:21  Marine  
  47  11:33  SCV  
  47  11:34  Marine x2  
  47  11:39  Marine  
  51  11:45  SCV  
  51  11:47  Terran Infantry Armor Level 1  
  52  11:49  Stimpack  
  52  11:52  Marine x2  
  52  11:53  Viking  
  56  11:57  Marine  
  56  11:59  Planetary Fortress  
  57  12:05  Missile Turret  
  57  12:15  Marine  
  58  12:29  SCV  
  59  12:32  Marine  
  60  12:40  SCV  
  60  12:41  SCV  
  62  12:44  Command Center  
  62  12:52  SCV  
  62  12:53  SCV  
  62  12:57  Refinery  
  64  13:05  SCV  
  65  13:09  SCV  
  66  13:13  Marine x3  
  66  13:15  Viking  
  66  13:17  SCV  
  71  13:21  SCV  
  72  13:29  SCV  
  72  13:31  Marine  
  72  13:33  SCV  
  71  13:49  Missile Turret  
  70  14:04  Viking  
  70  14:09  Missile Turret  
  66  14:28  Marine, Missile Turret  
  66  14:29  Marine x2  
  64  14:34  Viking  
  63  14:46  Marine x2  
  63  14:47  Marine  
  63  14:48  Missile Turret  
  66  15:04  Viking  
  29  15:28  Marine x2  
  29  15:29  Marine  
  29  15:34  SCV, Viking  
  35  15:46  SCV, Marine x3  
  37  15:56  Command Center  
  36  16:04  Marine x3, Viking  
  41  16:22  Marine x2  
  41  16:23  Armory  
  41  16:24  SCV  
  44  16:33  Viking  
  44  16:36  SCV  
  44  16:37  SCV  
  48  16:48  SCV  
  48  16:49  SCV  
  50  16:58  Starport  
  50  17:03  Viking  
  52  17:10  Missile Turret  
  48  17:24  SCV  
  48  17:28  Missile Turret  
  49  17:34  Starport  
Show
View Real Time Build Order
Export as new Build Order

Jungla Protoss - Winner!

Build Orders: Cannon Rush, Carriers 

Get SALT Encoding   

  12  0:04  Probe  
  13  0:17  Probe  
  14  0:23  Pylon  
  14  0:29  Probe (Chrono Boost)  
  16  0:43  Probe (Chrono Boost)  
  16  0:44  Forge  
  16  0:48  Probe (Chrono Boost)  
  17  0:56  Gateway  
  17  1:08  Pylon  
  17  1:13  Pylon  
  17  1:47  Photon Cannon  
  17  1:48  Photon Cannon  
  17  1:55  Photon Cannon, Pylon  
  17  2:12  Photon Cannon  
  17  2:20  Photon Cannon x2  
  17  2:37  Photon Cannon  
  17  2:57  Photon Cannon  
  16  3:07  Probe (Chrono Boost)  
  16  3:16  Probe (Chrono Boost)  
  17  3:27  Assimilator  
  17  3:31  Assimilator  
  17  3:38  Probe (Chrono Boost)  
  17  3:39  Cybernetics Core  
  17  3:41  Photon Cannon  
  18  3:43  Zealot  
  18  3:47  Probe (Chrono Boost)  
  21  3:52  Probe (Chrono Boost)  
  22  3:58  Nexus  
  22  4:04  Probe (Chrono Boost)  
  23  4:16  Probe (Chrono Boost)  
  24  4:26  Stargate  
  24  4:35  Pylon  
  24  4:38  Pylon  
  24  4:53  Probe (Chrono Boost)  
  25  5:03  Probe (Chrono Boost)  
  26  5:08  Probe (Chrono Boost)  
  26  5:12  Void Ray  
  31  5:19  Probe (Chrono Boost)  
  31  5:21  Probe (Chrono Boost)  
  33  5:31  Probe (Chrono Boost)  
  33  5:32  Probe (Chrono Boost)  
  35  5:37  Nexus  
  35  5:45  Probe  
  35  5:46  Probe  
  37  5:59  Void Ray  
  41  6:09  Probe  
  41  6:10  Probe  
  43  6:11  Pylon  
  43  6:15  Pylon  
  42  6:44  Void Ray  
  46  6:50  Probe x2  
  46  6:51  Probe  
  49  7:02  Assimilator  
  49  7:05  Probe x3, Assimilator  
  52  7:19  Fleet Beacon  
  52  7:22  Stargate  
  52  7:25  Photon Cannon  
  52  7:29  Probe x2  
  54  7:30  Probe  
  55  7:39  Void Ray  
  55  7:43  Probe x2  
  61  7:47  Probe  
  62  7:54  Protoss Air Weapons Level 1 (Chrono Boost)  
  62  7:59  Pylon  
  62  8:00  Probe  
  62  8:01  Photon Cannon  
  63  8:16  Probe x2  
  63  8:17  Probe  
  72  8:20  Carrier  
  72  8:28  Carrier  
  72  8:29  Protoss Shields Level 1  
  72  8:34  Probe, Assimilator  
  78  8:36  Probe  
  78  8:39  Probe, Assimilator  
  81  8:47  Probe  
  81  8:48  Probe  
  83  8:51  Probe  
  84  8:57  Pylon  
  84  8:59  Pylon  
  84  9:02  Probe  
  85  9:15  Probe x2  
  87  9:19  Cybernetics Core  
  87  9:27  Probe x2  
  87  9:28  Probe  
  87  9:30  Carrier  
  96  10:05  Nexus  
  96  10:09  Pylon  
  96  10:13  Pylon  
  96  10:15  Assimilator  
  96  10:18  Pylon  
  96  10:19  Assimilator  
  96  10:21  Pylon  
  96  10:22  Protoss Air Weapons Level 2 (Chrono Boost), Protoss Air Armor Level 1 (Chrono Boost)  
  96  10:28  Carrier  
  102  10:40  Twilight Council  
  102  10:46  Carrier, Stargate  
  108  10:54  Protoss Shields Level 2 (Chrono Boost)  
  102  11:18  Robotics Facility  
  102  11:28  Probe x4  
  106  11:45  Photon Cannon  
  106  11:47  Probe x4  
  106  11:48  Photon Cannon  
  106  11:50  Carrier, Shield Battery  
  106  11:51  Carrier x2  
  128  11:54  Photon Cannon  
  128  11:57  Photon Cannon  
  128  11:59  Shield Battery  
  128  12:12  Nexus  
  128  12:17  Pylon  
  128  12:20  Pylon  
  128  12:21  Assimilator  
  128  12:24  Observer  
  128  12:25  Assimilator  
  129  12:39  Mothership (Chrono Boost)  
  137  12:45  Protoss Air Armor Level 2 (Chrono Boost)  
  137  12:46  Protoss Air Weapons Level 3 (Chrono Boost)  
  137  12:47  Photon Cannon  
  137  12:51  Photon Cannon  
  136  12:52  Photon Cannon  
  136  12:55  Photon Cannon  
  121  13:25  Carrier x3  
  139  13:28  Probe x4  
  139  13:33  Protoss Shields Level 3  
  143  13:41  Probe x3  
  146  13:52  Pylon  
  146  13:56  Photon Cannon  
  146  13:58  Photon Cannon  
  146  13:59  Photon Cannon  
  146  14:02  Photon Cannon  
  146  14:38  Probe x4  
  149  14:42  Photon Cannon  
  149  14:44  Photon Cannon  
  150  14:46  Photon Cannon  
  150  14:50  Shield Battery  
  150  14:52  Shield Battery  
  150  14:53  Carrier x2  
  150  14:54  Carrier, Pylon  
  150  14:59  Pylon  
  167  15:05  Templar Archives  
  166  16:12  Psionic Storm  
  166  16:14  Carrier x3, Warp Gate (Chrono Boost)  
  184  16:31  Gateway  
  184  16:32  Gateway  
  184  16:34  Gateway  
  184  16:42  Gateway  
  184  16:44  Gateway  
Show
View Real Time Build Order
Export as new Build Order

alchmist Terran - Winner!

Build Orders: Gas First Reaper Expand 

Get SALT Encoding   

  12  0:04  SCV  
  13  0:16  SCV  
  13  0:19  Supply Depot  
  14  0:27  Refinery  
  14  0:31  SCV  
  15  0:45  Barracks  
  15  0:54  SCV  
  16  1:06  SCV  
  17  1:19  SCV  
  18  1:33  Reaper  
  18  1:39  Orbital Command  
  19  1:53  Command Center  
  19  2:06  Factory  
  19  2:16  Barracks Reactor  
  19  2:23  Refinery, SCV  
  20  2:35  SCV  
  21  3:27  SCV  
  21  3:28  Starport  
  21  3:32  Barracks Tech Lab  
  22  3:39  SCV  
  23  3:51  SCV  
  24  4:03  SCV  
  24  4:12  Orbital Command  
  24  4:14  Hellion  
  24  4:15  Hellion  
  28  4:30  Banshee  
  31  4:32  Cloaking Field  
  31  4:36  Hellion x2  
  31  4:37  Starport  
  35  4:40  SCV  
  36  4:47  Supply Depot  
  36  4:52  SCV  
  37  5:04  SCV  
  38  5:09  Hellion x2  
  38  5:10  Supply Depot  
  38  5:13  Banshee  
  45  5:16  SCV  
  45  5:17  Starport Tech Lab  
  46  5:31  Refinery, SCV  
  46  5:32  Hellion x2  
  46  5:33  Supply Depot  
  43  5:43  SCV  
  43  5:47  Hyperflight Rotors  
  43  5:48  Banshee  
  47  5:53  Hellion x2  
  47  5:54  SCV  
  47  5:56  SCV  
  53  5:59  Banshee  
  56  6:06  SCV  
  56  6:08  SCV  
  58  6:14  Hellion  
  60  6:20  SCV  
  61  6:32  SCV  
  62  7:00  Refinery  
  62  7:07  SCV  
  61  7:11  Command Center  
  61  7:19  SCV  
  61  7:31  SCV  
  61  7:35  Banshee x2  
  58  7:42  Hellion x2  
  62  7:46  Engineering Bay  
  62  7:52  Armory  
  62  7:53  SCV  
  62  7:54  Armory  
  62  8:04  Hellion  
  62  8:05  SCV, Hellion  
  56  8:19  SCV  
  57  8:24  Banshee  
  57  8:25  Hellion  
  62  8:29  Banshee  
  62  8:30  Hellion  
  62  8:31  SCV  
  68  8:44  SCV  
  68  8:45  Command Center  
  69  8:50  Command Center  
  69  8:52  Terran Vehicle And Ship Armor Level 1, Terran Ship Weapons Level 1  
  69  8:56  SCV, Fusion Core  
  70  9:08  SCV  
  71  9:20  SCV  
  72  9:29  Starport x2  
  72  9:32  SCV  
  73  9:44  SCV  
  69  10:47  Battlecruiser  
  69  10:48  Battlecruiser  
  69  10:49  Starport Tech Lab x2  
  70  11:32  SCV  
  71  11:38  Battlecruiser x2  
  83  11:44  SCV, Planetary Fortress  
  84  11:56  SCV  
  84  11:59  Refinery  
  85  12:01  Refinery  
  85  12:08  SCV, Terran Ship Weapons Level 2  
  86  12:19  Planetary Fortress  
  86  12:20  SCV  
  87  12:32  SCV  
  88  12:43  Battlecruiser  
  94  12:45  SCV  
  94  12:49  Terran Vehicle And Ship Armor Level 2  
  95  12:55  SCV  
  96  13:08  SCV  
  97  13:20  SCV  
  98  13:32  SCV  
  96  13:44  SCV  
  82  14:26  Battlecruiser x3  
  82  14:27  Battlecruiser  
  106  14:48  SCV x2  
  103  15:00  SCV x2  
  102  15:12  SCV  
  102  15:13  SCV  
  96  15:24  SCV  
  96  15:25  SCV  
  98  15:31  Weapon Refit  
  98  15:36  SCV  
  98  15:37  SCV  
  98  15:38  Battlecruiser  
  106  15:44  Battlecruiser  
  112  16:09  Command Center  
  112  16:11  Refinery  
  112  16:23  Widow Mine x2  
  116  16:37  Refinery  
  116  16:43  Command Center  
  116  17:21  Widow Mine x2  
Tags
 
Add a new tag
Caveats
  • Supply blocks, unpowered buildings, or Contaminate may cause inaccurate times.
  • Supply counts are checked every 10 seconds.